 Dungeon Crawl Stone Soup version 0.18-a0-1628-g61c6396 (webtiles) character file.

371 dohliylev the Stinger (level 6, -1/33 HPs)
             Began as a Gargoyle Venom Mage on Mar 25, 2016.
             Killed by divine providence
             ... invoked by an orc priest
              (12 damage)
             ... on level 3 of the Dungeon.
             The game lasted 00:22:14 (2568 turns).

dohliylev the Stinger (Gargoyle Venom Mage)         Turns: 2568, Time: 00:22:15

Health: -1/33      AC: 10    Str: 12    XL:     6   Next: 71%
Magic:  1/11       EV: 12    Int: 17    God:
Gold:   91         SH:  0    Dex: 10    Spells: 2 memorised, 7 levels left

rFire  . . .     SeeInvis .     g - +0 dagger (curse)
rCold  . . .     Gourm    .     u - +0 robe
rNeg   + . .     Faith    .     (no shield)
rPois  ∞         Spirit   .     a - +0 helmet
rElec  +         Dismiss  .     (no cloak)
rCorr  .         Reflect  .     r - +2 pair of gloves
SustAt .         Harm     .     (no boots)
MR     .....                    (no amulet)
Stlth  +++.......               (no ring)
                                q - ring of stealth

@: not resistant to hostile enchantments, fairly stealthy
A: negative energy resistance 1, electricity resistance, unbreathing,
petrification resistance, rot immunity, AC +4
a: no special abilities


You were on level 3 of the Dungeon.
You were not hungry.

You visited 1 branch of the dungeon, and saw 3 of its levels.

You collected 91 gold pieces.

Inventory:

Hand Weapons
 g - a cursed +0 dagger (weapon)
 t - a cursed -2 scythe
 v - a +0 blowgun
Missiles
 w - 14 poisoned needles
 y - 7 javelins of returning (quivered)
Armour
 a - a +0 helmet (worn)
 r - a +2 pair of gloves (worn)
 u - a +0 robe (worn)
Jewellery
 q - a ring of stealth (left hand)
Scrolls
 e - a scroll of random uselessness {unknown}
 h - a scroll of enchant weapon {unknown}
 j - 3 scrolls of noise {unknown}
 l - a scroll of remove curse {unknown}
 n - 3 scrolls of identify {unknown}
 p - 2 scrolls of enchant armour {unknown}
 s - a scroll of fog {unknown}
Potions
 d - 5 potions of curing {unknown}
 i - a potion of agility {unknown}
 k - a potion of haste {unknown}
Books
 b - a Young Poisoner's Handbook

   Spells                             Type                      Level
   a - Sting                          Conjuration/Poison           1
   b - Cure Poison                    Poison                       2
   c - Mephitic Cloud                 Conjuration/Poison/Air       3
   d - Olgreb's Toxic Radiance        Poison                       4
   e - Venom Bolt                     Conjuration/Poison           5
Comestibles
 c - 4 bread rations
 f - 7 chunks of flesh
 m - 3 beef jerkies
 o - 4 fruits
 x - a meat ration


   Skills:
 + Level 0.4 Fighting
 + Level 0.3 Short Blades
 + Level 2.7 Dodging
 - Level 2.5 Stealth
 + Level 3.3 Spellcasting
 + Level 3.1 Conjurations
 + Level 0.1 Air Magic
 + Level 5.5 Poison Magic


You had 7 spell levels left.
You knew the following spells:

 Your Spells              Type           Power        Failure   Level  Hunger
a - Sting                 Conj/Pois      ###.         2%          1    None
b - Mephitic Cloud        Conj/Pois/Air  ##......     17%         3    ###....


Dungeon Overview and Level Annotations

Branches:
Dungeon (3/15)

Altars:

Annotations:
D:3 Terence; mdfi's ghost, amateur FoWr


Innate Abilities, Weirdness & Mutations

You are resistant to torment.
Your stone body is resilient (AC +4).
You are immune to poison.
You resist negative energy.
You are resistant to electric shocks.
You can survive without breathing.
You are immune to petrification.
You are immune to rotting.


Message History

Confirm with . or Enter, or press ? or * to list all spells.
Aiming: Sting
Press: ? - help, Shift-Dir - straight line, f - orc
Aim: an orc, wielding a flail and wearing a chain mail (noxious fumes, heavily wounded, confused, hasn't noticed you)
The sting hits the orc.
The orc is poisoned.
You kill the orc!
An orc comes into view. It is wielding a whip.
The orc priest mumbles some strange prayers to Beogh against you.
Beogh smites you!
Found a bread ration.
c - 4 bread rations (gained 1)
Casting: Sting
Confirm with . or Enter, or press ? or * to list all spells.
Aiming: Sting
Press: ? - help, Shift-Dir - straight line, f - orc priest
Aim: an orc priest, wielding a hand axe of chopping and wearing a leather armour (heavily wounded)
The sting misses the orc priest.
The orc priest calls down the wrath of Beogh upon you.
Beogh smites you!
You die...

#......# ##..# ##...# #
#....#..####.# ##..#.# #
#...###......###..##.# #
#...# #####......###.# #
###.#.# ##...#....... #
....#.# #...####.... #
(.....### ##..# ##.. ##
o.......######...######..
#.
.##.o.#.........@.......
#.
.####.##########..######
#. .......### #..# #.
.####....## #..# #. ##
###.o.######..##### #.
##......##....#.. #.
####.#..o#.#....### #.
#.###.#.###....#### #.
#.. #.#..##.......# #.


You could see an orc priest.

Vanquished Creatures
  Sigmund (D:2)
  A giant frog (D:2)
  2 orc wizards (D:3)
  An adder (D:3)
  3 gnolls (D:2)
  An ooze (D:1)
  A worm (D:2)
  A dart slug (D:3)
  3 giant geckos
  7 orcs (D:3)
  9 bats
  4 giant cockroaches
  7 goblins
  7 hobgoblins
  2 jackals (D:1)
  6 kobolds
  3 giant newts (D:2)
  11 rats
70 creatures vanquished.

Vanquished Creatures (others)
  A fungus (D:3)
1 creature vanquished.

Grand Total: 71 creatures vanquished

Notes
Turn   | Place    | Note
--------------------------------------------------------------
     0 | D:1      | dohliylev the Gargoyle Venom Mage began the quest for the Orb.
     0 | D:1      | Reached XP level 1. HP: 10/10 MP: 3/3
    85 | D:1      | Reached XP level 2. HP: 15/15 MP: 0/5
   382 | D:1      | Reached XP level 3. HP: 10/19 MP: 2/6
   390 | D:1      | Learned a level 3 spell: Mephitic Cloud
  1161 | D:2      | Reached XP level 4. HP: 18/24 MP: 0/7
  1162 | D:2      | Noticed Sigmund
  1925 | D:3      | Noticed a giant frog
  1937 | D:2      | Killed a giant frog
  1937 | D:2      | Reached skill level 1 in Conjurations
  1937 | D:2      | Reached skill level 5 in Poison Magic
  1937 | D:2      | Reached XP level 5. HP: 17/28 MP: 3/9
  2076 | D:3      | Noticed Terence
  2135 | D:2      | Killed Sigmund
  2135 | D:2      | Reached XP level 6. HP: 25/33 MP: 0/10
  2322 | D:3      | Noticed mdfi's ghost (amateur FoWr)
  2568 | D:3      | Killed from afar by an orc priest

Vault maps used:
D:1:      saegor_arrival_simple_f, serial_forest, infiniplex_forest_lined_4_way,
          infiniplex_forest_end_2, infiniplex_forest_lined_3,
          infiniplex_forest_straight_5, infiniplex_forest_clump_long,
          infiniplex_forest_clump_double, infiniplex_forest_clump_C
D:2:      uniq_sigmund
D:3:      first_bread, uniq_terence, uniq_crazy_yiuf_cottage

Skill      XL: |  1  2  3  4  5  6 |
---------------+-------------------+-----
Dodging        | 2 |  2.7
Conjurations   | 1 2 3 |  3.1
Poison Magic   | 5 |  5.5
Spellcasting   | 3 |  3.3
Fighting       | |  0.4
Short Blades   | |  0.3
Stealth        | |  2.5
Air Magic      | |  0.1

Action                   |  1- 3 |  4- 6 || total
-------------------------+-------+-------++-------
Melee: Unarmed           |     4 |       ||     4
       Dagger            |    63 |    45 ||   108
 Cast: Sting             |    58 |    58 ||   116
       Mephitic Cloud    |     1 |     5 ||     6
 Stab: Sleeping          |     1 |       ||     1
  Eat: Chunk             |     2 |     5 ||     7
